 Dungeon Crawl Stone Soup version 0.27.1 (console) character file.

Game seed: 16101041868781518175

238701 thromnambular the Black Belt (level 20, -10/149 HPs)
             Began as a Djinni Transmuter on Aug 28, 2021.
             Was the Champion of Yredelemnul.
             Killed from afar by an ironbound frostheart (34 damage)
             ... by creeping frost
             ... on level 3 of the Vaults on Aug 29, 2021.
             The game lasted 02:42:56 (44504 turns).

thromnambular the Black Belt (Djinni Transmuter)   Turns: 44504, Time: 02:42:57

Health: -10/149    AC: 22    Str: 14    XL:     20   Next: 4%
Gold:   479        EV: 21    Int: 17    God:    Yredelemnul [******] SH:  0 Dex: 19

rFire    + + .     SeeInvis .     - Unarmed
rCold    . . .     Faith    .   L - +2 buckler {rC+}
rNeg     + + .     Spirit   .   E - +4 troll leather armour "Qick" {rN++ Regen+ Dex+3}
rPois    ∞         Reflect  +   G - +1 helmet
rElec    .         Harm     .   r - +2 cloak
rCorr    .         Rampage  .   B - +1 pair of gloves
Will     ++...                  (boots unavailable)
Stlth    +.........             e - amulet of reflection
HPRegen  1.34/turn              b - ring of wizardry
MPRegen  0.00/turn              q - +4 ring of protection

@: confused, marked, frozen, flying, wreathed by umbra, studying Shields, very
slow
A: sickness immunity, fire resistance 2, cold vulnerability 1, float, innate
caster, hp casting, extra vitality 1, evolution 1
}: 2/15 runes: barnacled, gossamer
a: Renounce Religion, Recall Undead Slaves, Injury Mirror, Animate Dead, Drain
Life, Enslave Soul


You were on level 3 of the Vaults.
You worshipped Yredelemnul.
Yredelemnul was exalted by your worship.
You visited 6 branches of the dungeon, and saw 34 of its levels.
You also visited: Sewer, Gauntlet and Ice Cave.

You collected 2863 gold pieces.
You spent 2384 gold pieces at shops.

Inventory:

Hand Weapons
 t - a +2 vampiric lajatang
Missiles
 m - 4 throwing nets
 s - a curare-tipped dart (quivered)
 A - 72 poisoned darts
Armour
 r - a +2 cloak (worn)
 v - a +0 kite shield of reflection
 B - a +1 pair of gloves (worn)
 E - the +4 troll leather armour "Qick" (worn) {rN++ Regen+ Dex+3}
   (You bought it in a shop on level 2 of the Orcish Mines)

   Dex:       It affects your dexterity (+3).
   rN:        It greatly protects you from negative energy.
   Regen:     It increases your rate of health regeneration.
 G - a +1 helmet (worn)
 L - a +2 buckler of cold resistance (worn)
Magical Staves
 a - a staff of fire
Jewellery
 b - a ring of wizardry (left hand)
 e - an amulet of reflection (around neck)
 q - a +4 ring of protection (right hand)
 I - a ring of positive energy
 M - a +6 ring of dexterity
 S - a ring of protection from cold
 X - an amulet of regeneration
Wands
 k - a wand of digging (4)
 l - a wand of flame (21)
 p - a wand of iceblast (24)
 D - a wand of charming (12)
 J - a wand of mindburst (9)
 K - a wand of paralysis (16)
 N - a wand of polymorph (40)
Scrolls
 c - 14 scrolls of teleportation
 g - 6 scrolls of noise
 n - 4 scrolls of fog
 o - 4 scrolls of identify
 y - 3 scrolls of vulnerability
 C - 3 scrolls of silence
 R - 3 scrolls of enchant weapon
 U - 2 scrolls of blinking
Potions
 d - 2 potions of brilliance
 f - 5 potions of heal wounds
 h - 4 potions of invisibility
 i - 9 potions of curing
 j - 5 potions of magic
 u - 6 potions of haste
 x - 2 potions of mutation
 z - 6 potions of might
 H - 5 potions of attraction
 O - 11 potions of ambrosia
 P - 3 potions of berserk rage
 Q - 6 potions of lignification
 W - a potion of cancellation
 Y - a potion of resistance
Miscellaneous
 F - a phantom mirror
 T - a condenser vane


   Skills:
 - Level 15.1 Fighting
 - Level 10.4 Armour
 - Level 14.3 Dodging
 - Level 0.1 Stealth
 + Level 11.1 Shields
 + Level 16.7 Unarmed Combat
 + Level 12.0 Spellcasting
 - Level 10.0 Invocations
 - Level 0.4 Evocations


You couldn't memorise any spells.
You knew the following spells:

 Your Spells              Type           Power      Damage    Failure   Level
a - Beastly Appendage     Tmut           100%       N/A       1%          1
b - Wereblood             Tmut           50%        N/A       1%          2
c - Spider Form           Tmut/Pois      25%        N/A       1%          3
d - Ice Form              Ice/Tmut       50%        N/A       1%          4
e - Corona                Hex            55%        N/A       1%          1
f - Corpse Rot            Necr/Air       N/A        N/A       1%          2
g - Portal Projectile     Hex/Tloc       100%       N/A       1%          3
h - Iskenderun's Mystic   Conj/Tloc      50%        2d11      1%          4
i - Animate Armour        Summ/Erth      100%       N/A       1%          4
j - Fireball              Conj/Fire      25%        3d11      1%          5
k - Invisibility          Hex            25%        N/A       3%          6
l - Haunt                 Necr/Summ      25%        N/A       21%         7
m - Ozocubu's Refrigerat  Ice            25%        4d10      21%         7
Your spell library was empty.

Dungeon Overview and Level Annotations

Branches:
Dungeon (15/15)            Temple (0/1) D:6            Lair (6/6) D:10
 Shoals (4/4) Lair:3       Spider (4/4) Lair:4        Slime (0/5) Lair:6
    Orc (2/2) D:9             Elf (0/3) Orc:2        Vaults (3/5) D:14
  Crypt (0/3) Vaults:3     Depths (0/5) D:15          Sewer (visited)
  IceCv (visited)         Gauntlet (visited)

Altars:
Ashenzari
Fedhas
Gozag
Hepliaklqana
Kikubaaqudgha
Qazlal
Ru
Sif Muna
Trog
Vehumet
Wu Jian
Yredelemnul
Zin
The Shining One
Jiyva
Lugonu

Shops:
Orc:1 *   Orc:2 !(*[   Vaults:1 :   Vaults:2 [

Portals:
Abyss: Spider:2

Annotations:
D:13 1 runed translucent door, exclusion: obsidian statue
Lair:1 exclusion: 2 oklob plants
Lair:4 3 runed translucent doors, spiderkeys's ghost, journeyman HuWz
Shoals:2 3 runed translucent doors, shadowrider38's ghost, adept KoBe
Spider:2 2 transporters, Feguytzu's ghost, journeyman GrMo


Innate Abilities, Weirdness & Mutations

You are immune to sickness and miasma.
You are immune to poison.
Your flesh is very heat resistant. (rF++)
You are vulnerable to cold. (rC-)
You float through the air rather than walking.
You learn spells naturally, not from books.
Your magical power is your life essence.
You have superior vitality. (+4 HP)
You evolve.


Message History

Your vault guard zombie hits the yaktaur with a +0 dire flail!
The ironbound frostheart calls freezing cold from the walls.
The frost grips you!!!
* * * LOW HITPOINT WARNING * * *
The frost grips your profane servitor!!
Your profane servitor partially resists.
The frost grips your vampire knight!!
Your vampire knight partially resists.
The frost grips your deep troll zombie!
Your deep troll zombie partially resists.
Your deep troll zombie is destroyed!
The frost grips your vampire knight!!
Your vampire knight partially resists.
The frost grips your lindwurm zombie!!
Your lindwurm zombie partially resists.
Your lindwurm zombie is destroyed!
The frost grips your ironbound preserver zombie.
Your ironbound preserver zombie partially resists.
Things that are here:
a +0 arbalest; 27 bolts You strike the helpless ironbound frostheart from behind!
You hit the ironbound frostheart but do no damage.
The ironbound frostheart is severely wounded.
Your profane servitor hits the sphinx with a +2 whip.
Your profane servitor draws strength from the sphinx's injuries!
Your profane servitor hits the sphinx with a +2 whip.
The sphinx casts a spell.
You are confused.
The yaktaur shoots a bolt.
The bolt hits your vault guard zombie!!
Your vault guard zombie is destroyed!
A vault sentinel comes into view. It is wielding a +0 long sword.
You feel much better.
Your profane servitor hits the sphinx but does no damage. x2
The yaktaur shoots a bolt.
The bolt closely misses your profane servitor.
The bolt misses you.
The ironbound frostheart calls freezing cold from the walls.
The frost grips you!!
You die...
Your body rises from the dead as a mindless zombie.

#####.........#
...##.........# #######
...##...).....# .........
...##..8...8(.# #........
...##.......Z.# .........
...##......Z..# #........
...##.....)Z..# ....Z....
...##..8...8.Z###........
..[##.###'###)OH@........
...##.#.VDD.#p#pAVD.[....
##### #.....#.###VZ).....
#..>..#.# .)Z).....
#.....#.###cc......
#.....#.# .........
#######.# #........ .(#
......... #####'###


You could see a sphinx (ally target), an ironbound thunderhulk, an ironbound
frostheart (ally target), a vault sentinel, 2 yaktaurs, a friendly bone dragon,
a friendly profane servitor, 2 friendly vampire knights, 2 friendly vault
sentinel zombies, a friendly ironbound preserver zombie, a friendly ironbound
frostheart zombie and a friendly ironbound thunderhulk zombie.

Vanquished Creatures
  Rupert (D:15)
  Polyphemus (Shoals:3)
  Donald (Vaults:2)
  2 vault wardens
  A ghoul (Vaults:3)
  8 ironbound preservers
  An emperor scorpion (Spider:4)
  2 dire elephants
  A minotaur (Gauntlet)
  2 entropy weavers (Spider:1)
  A merfolk javelineer (Shoals:2)
  3 yaktaur captains
  3 hydras
  2 boulder beetles
  An ironbound thunderhulk (Vaults:1)
  3 vault guards
  An ice dragon (D:13)
  3 merfolk avatars
  2 ironbound frosthearts
  4 centaur warriors
  A satyr (Shoals:3)
  8 death yaks
  An orc high priest (Orc:2)
  A two-headed ogre (D:13)
  3 tengu warriors
  An ironbound beastmaster (Vaults:2)
  3 skeletal warriors (D:12)
  16 deep trolls
  2 sea snakes (Shoals:1)
  A fire crab (shapeshifter) (D:14)
  4 ironbound convokers
  A phantasmal warrior (Vaults:2)
  3 wizards
  3 harpies
  A necromancer (Gauntlet)
  6 orb spiders
  3 orc sorcerers (Orc:2)
  7 wolf spiders
  7 ugly things
  2 fauns (Shoals:4)
  5 manticores
  3 cyclopes
  5 merfolk sirens
  13 elephants
  4 vault sentinels
  3 black mambas
  8 cane toads
  An ice statue (IceCv)
  9 rime drakes
  11 komodo dragons
  Maggie (D:10)
  7 yaktaurs
  A tengu conjurer (D:13)
  A demonic crawler (Spider:4)
  A minotaur zombie (Gauntlet)
  5 jumping spiders
  5 trolls
  6 polar bears
  A wind drake (shapeshifter) (D:14)
  4 merfolk
  A meliai (D:14)
  2 wind drakes (Lair:6)
  2 hornets (Lair:6)
  17 blink frogs
  11 slime creatures
  2 snapping turtles
  6 flying skulls (Gauntlet)
  17 redbacks
  A shadow (D:9)
  4 wyverns
  12 tarantellas
  2 vampires
  A wraith (D:13)
  27 yaks
  3 basilisks
  5 steam dragons
  3 vampire mosquitoes
  Menkaure (D:4)
  3 acid dragons
  9 water moccasins
  2 ice beasts (D:7)
  2 sky beasts
  3 black bears
  14 orc warriors
  33 wolves
  3 boggarts (D:14)
  8 ogres
  14 centaurs
  4 phantoms
  2 kobold brigands
  2 scorpions
  13 bullfrogs
  2 wyvern zombies
  2 gnoll sergeants
  20 killer bees
  4 wights (D:5)
  3 howler monkeys
  6 electric eels
  2 centaur zombies
  A wolf spider zombie (Spider:4)
  3 hounds
  3 jellies
  3 centaur skeletons
  A bullfrog skeleton (D:7)
  13 orc priests
  An iguana (D:6)
  Jessica (D:2)
  A scorpion zombie (D:5)
  18 orc wizards
  4 ogre zombies (D:9)
  A tarantella zombie (Spider:4)
  A howler monkey skeleton (D:7)
  A howler monkey zombie (D:11)
  13 gnolls
  A river rat (Sewer)
  10 adders
  A shadow imp (D:3)
  2 white imps
  2 ufetubi (D:6)
  An adder skeleton (D:4)
  A worm (D:2)
  5 dart slugs
  37 orcs
  5 bats
  11 endoplasms
  11 giant cockroaches
  14 goblins
  7 hobgoblins
  3 jackals
  4 quokkas
  4 ball pythons
  4 frilled lizards (D:1)
  3 goblin skeletons (D:9)
  A hobgoblin skeleton (D:9)
  2 hobgoblin zombies (D:9)
  6 kobolds
  An orc skeleton (D:9)
  7 orc zombies (D:9)
  9 rats
  A lurking horror (Spider:2)
697 creatures vanquished.

Vanquished Creatures (collateral kills)
  A lich (Vaults:3)
  An ancient champion (Vaults:3)
  Ilsuiw (Shoals:2)
  Roxanne (Shoals:4)
  2 frost giants
  6 emperor scorpions (Spider:4)
  6 vault wardens
  2 ghost moths
  Aizul (Shoals:4)
  A curse skull (Vaults:3)
  6 very ugly things
  8 ironbound preservers
  2 spark wasps
  2 dire elephants
  4 entropy weavers
  4 merfolk impalers
  An ettin (Vaults:1)
  3 merfolk javelineers (Shoals:4)
  9 yaktaur captains
  A great orb of eyes (Vaults:2)
  A fire dragon (Shoals:3)
  5 vault guards
  6 ironbound thunderhulks
  3 boulder beetles
  8 hydras
  A rakshasa (D:13)
  2 merfolk avatars
  An ogre mage (Vaults:3)
  4 centaur warriors
  3 merfolk aquamancers (Shoals:4)
  A catoblepas (Shoals:3)
  5 ironbound frosthearts
  3 two-headed ogres
  An orc high priest (Orc:2)
  4 satyrs
  5 death yaks
  4 ironbound beastmasters
  A skeletal warrior (D:12)
  22 deep trolls
  5 sea snakes
  4 wizards
  An orc knight (D:15)
  A harpy (Shoals:3)
  A phantasmal warrior (Vaults:3)
  6 lindwurms
  8 ironbound convokers
  7 ugly things
  14 fauns
  3 orc sorcerers
  20 wolf spiders
  16 orb spiders
  A cyclops (D:15)
  A moth of wrath (Spider:4)
  An oklob plant (Lair:3)
  A centaur zombie (D:11)
  An elephant (Lair:5)
  9 merfolk sirens
  9 manticores
  A gargoyle (D:11)
  12 vault sentinels
  A water nymph (Shoals:4)
  2 black mambas
  3 cane toads
  2 rime drakes (Lair:6)
  11 demonic crawlers
  A komodo dragon (Lair:4)
  6 yaktaurs
  A kobold demonologist (D:12)
  2 meliai (D:14)
  A troll (Orc:2)
  2 polar bears
  A queen bee (D:14)
  13 merfolk
  29 jumping spiders
  6 wind drakes
  A hornet (Spider:2)
  3 blink frogs
  13 slime creatures
  4 snapping turtles
  A wraith (D:12)
  5 water elementals
  40 redbacks
  23 tarantellas
  6 yaks
  4 basilisks
  2 steam dragons (Lair:6)
  A vampire mosquito (D:14)
  3 water moccasins
  5 orc warriors
  An ogre (Orc:1)
  A boggart (D:14)
  6 wolves
  3 centaurs
  2 bullfrogs
  10 killer bees (D:14)
  3 orc priests (Orc:2)
  10 orc wizards
  2 ogre zombies (D:9)
  A redback zombie (Spider:4)
  A white imp (D:13)
  15 orcs
  A hobgoblin zombie (D:9)
  2 orc skeletons (D:9)
  2 orc zombies (D:9)
  2 lurking horrors (Spider:2)
  A plant (Shoals:4)
519 creatures vanquished.

Vanquished Creatures (others)
  A ghost moth (Spider:4)
  2 ghouls
  A vampire knight (Shoals:4)
  An entropy weaver (Spider:4)
  A skeletal warrior (IceCv)
  3 flayed ghosts
  An ironbound convoker (Vaults:3)
  An orb spider (Spider:4)
  7 phantasmal warriors
  An ugly thing (Vaults:1)
  11 flying skulls
  5 vampires
  A redback (Spider:4)
  A tarantella (Spider:4)
  3 wraiths
  A yak (IceCv)
  A guardian serpent zombie (Shoals:4)
  A spark wasp zombie (Spider:4)
  2 wights
  8 wolf spider zombies
  A quasit (D:13)
  A ghoul skeleton (Vaults:3)
  An entropy weaver zombie (Spider:1)
  A sea snake zombie (Shoals:4)
  A hydra zombie (Lair:6)
  An ice dragon skeleton (D:13)
  5 jumping spider zombies
  4 centaur zombies
  A hydra skeleton (Lair:6)
  9 redback zombies
  4 tarantella zombies
  2 demonic crawler zombies
  A mummy (Orc:2)
  A boulder beetle zombie (Vaults:3)
  7 human zombies
  A two-headed ogre zombie (D:13)
  10 deep troll zombies
  A harpy zombie (Shoals:3)
  3 manticore zombies
  A satyr zombie (Shoals:2)
  3 elephant skeletons
  A human skeleton (Gauntlet)
  A shadow imp (D:13)
  A white imp (D:13)
  3 wolf zombies (IceCv)
  2 hornet zombies
  5 blink frog zombies
  A faun zombie (Shoals:4)
  2 lindwurm zombies
  5 merfolk zombies (Shoals:4)
  A tengu zombie (D:13)
  A water moccasin skeleton (Lair:1)
  4 yaktaur zombies
  2 cane toad zombies
  3 orb spider zombies
  A rime drake skeleton (Lair:6)
  2 rime drake zombies (IceCv)
  A yak skeleton (D:14)
  A cyclops zombie (D:13)
  A basilisk zombie (Lair:5)
  A polar bear zombie (IceCv)
  4 yak zombies
  An adder zombie (D:2)
  A bullfrog zombie (D:6)
  A gnoll zombie (D:8)
  A killer bee zombie (D:14)
  A komodo dragon skeleton (Lair:6)
  An orc skeleton (Orc:2)
  14 orc zombies
  A steam dragon zombie (Lair:6)
  8 wolf skeletons
  3 demonic plants (D:2)
  63 fungi
  156 plants
  5 withered plants
411 creatures vanquished.

Grand Total: 1627 creatures vanquished

Notes
Turn   | Place    | Note
-------+----------+-------------------------------------------
     0 | D:1      | thromnambular the Djinni Transmuter began the quest for the
                  | Orb.
     0 | D:1      | Reached XP level 1. HP: 17/17 MP: 0/0
   440 | D:1      | Reached XP level 2. HP: 12/22 MP: 0/0
  1409 | D:1      | Reached XP level 3. HP: 26/27 MP: 0/0
  1409 | D:1      | Learned a level 1 spell: Corona
  2596 | D:2      | Reached XP level 4. HP: 27/33 MP: 0/0
  2711 | D:2      | Noticed Jessica
  2716 | D:2      | Killed Jessica
  2922 | D:2      | Found a faded altar of an unknown god.
  2951 | D:2      | Became a worshipper of Yredelemnul the Dark
  2951 | D:2      | Reached * piety under Yredelemnul
  3087 | D:2      | Reached XP level 5. HP: 34/38 MP: 0/0
  3087 | D:2      | Learned a level 2 spell: Corpse Rot
  4191 | D:3      | Found a blossoming altar of Fedhas.
  4418 | D:3      | Reached skill level 4 in Unarmed Combat
  4418 | D:3      | Reached skill level 1 in Invocations
  4848 | D:4      | Reached XP level 6. HP: 36/45 MP: 0/0
  5425 | D:4      | Reached ** piety under Yredelemnul
  5480 | D:4      | Found a glowing silver altar of Zin.
  5822 | D:4      | Reached XP level 7. HP: 45/50 MP: 0/0
  5822 | D:4      | Learned a level 3 spell: Portal Projectile
  6052 | D:4      | Noticed Menkaure
  6059 | D:4      | Killed Menkaure
  6060 | D:4      | Reached skill level 1 in Armour
  6398 | D:4      | You are sucked into a shaft and drop 1 floor!
  6398 | D:5      | Entered Level 5 of the Dungeon
  6433 | D:5      | Found a glowing drain.
  6447 | Sewer    | Entered a sewer
  6661 | Sewer    | Found a white marble altar of Elyvilon.
  6736 | D:5      | Reached XP level 8. HP: 50/58 MP: 0/0
  6821 | D:5      | Reached skill level 5 in Unarmed Combat
  7159 | D:5      | Found an ornate altar of the Wu Jian Council.
  7166 | D:5      | Found a sacrificial altar of Ru.
  7166 | D:5      | Found an opulent altar of Gozag.
  7166 | D:5      | Found a stormy altar of Qazlal.
  8586 | D:6      | Found a staircase to the Ecumenical Temple.
  8657 | D:6      | Reached XP level 9. HP: 18/64 MP: 0/0
  8657 | D:6      | Learned a level 4 spell: Iskenderun's Mystic Blast
  9038 | D:6      | Reached skill level 5 in Fighting
  9038 | D:6      | Reached skill level 6 in Unarmed Combat
  9152 | D:6      | Reached *** piety under Yredelemnul
  9510 | D:6      | Identified the +5 quarterstaff of Regicide {vorpal, Int+5
                  | SInv}
  9719 | D:6      | Found a glowing golden altar of the Shining One.
  9728 | D:6      | Noticed an angel
  9781 | D:6      | Found a basalt altar of Yredelemnul.
  9783 | D:6      | Noticed a profane servitor
 10578 | D:7      | Found a bloodstained altar of Trog.
 10597 | D:7      | Reached skill level 5 in Armour
 10867 | D:7      | Reached skill level 7 in Unarmed Combat
 11106 | D:8      | Reached XP level 10. HP: 60/72 MP: 0/0
 11195 | D:8      | Reached skill level 5 in Spellcasting
 12872 | D:9      | Reached skill level 5 in Dodging
 13460 | D:9      | Found a staircase to the Orcish Mines.
 13633 | D:9      | Received a gift from Yredelemnul (3 flying skulls)
 13694 | D:9      | Noticed a two-headed ogre
 13704 | D:9      | Killed a two-headed ogre
 13705 | D:9      | Reached skill level 8 in Unarmed Combat
 14148 | Orc:1    | Entered Level 1 of the Orcish Mines
 14148 | Orc:1    | Found Fepeyro's Assorted Antiques.
 14152 | Orc:1    | Reached **** piety under Yredelemnul
 14324 | Orc:1    | Bought an embroidered scarf for 248 gold pieces
 14324 | Orc:1    | Bought a scroll labelled UWOXAIRIUD for 31 gold pieces
 14324 | Orc:1    | Bought a bronze wand for 124 gold pieces
 14324 | Orc:1    | Bought a scroll of identify for 62 gold pieces
 14376 | Orc:2    | Entered Level 2 of the Orcish Mines
 14376 | Orc:2    | Found a staircase to the Elven Halls.
 14449 | Orc:2    | Noticed an orc high priest
 14456 | Orc:2    | Killed an orc high priest
 14457 | Orc:2    | Received a gift from Yredelemnul (a mummy)
 14457 | Orc:2    | Reached XP level 11. HP: 60/80 MP: 0/0
 14457 | Orc:2    | Learned a level 4 spell: Animate Armour
 14522 | Orc:2    | Noticed an orc sorcerer
 14748 | D:10     | Entered Level 10 of the Dungeon
 15292 | D:10     | Noticed a death yak
 15293 | D:10     | Found a staircase to the Lair.
 15304 | D:10     | Found a broken altar of Ashenzari.
 15456 | D:10     | Found a hazy altar of Hepliaklqana.
 15979 | D:10     | Identified the +1 ring mail of Tuhoul {+Inv rPois rC+
                  | Int-2}
 16475 | D:10     | Reached skill level 9 in Unarmed Combat
 16514 | D:10     | Killed a death yak
 16793 | D:10     | Identified the +0 leather armour of Loaps {Will+ Regen+
                  | Dex+3}
 17220 | Lair:1   | Entered Level 1 of the Lair of Beasts
 17220 | Lair:1   | Noticed Maggie
 17228 | D:10     | Killed Maggie
 18059 | Lair:1   | Reached XP level 12. HP: 89/89 MP: 0/0
 18406 | Lair:1   | Found a blossoming altar of Fedhas.
 19470 | Lair:3   | Received a gift from Yredelemnul (4 flying skulls)
 19503 | Lair:3   | Noticed a six-headed hydra
 19516 | Lair:3   | Reached skill level 10 in Unarmed Combat
 19528 | Lair:3   | Killed a six-headed hydra
 19581 | Lair:3   | Found a gate leading to a gauntlet.
 19661 | Gauntlet | Entered a Gauntlet
 19661 | Gauntlet | Found a transporter.
 19661 | Gauntlet | Found a transporter.
 19848 | Gauntlet | Found a transporter.
 19848 | Gauntlet | Found a transporter.
 19856 | Gauntlet | Received a gift from Yredelemnul (a wight)
 19857 | Gauntlet | Found a transporter.
 19857 | Gauntlet | Found a transporter.
 19881 | Gauntlet | Noticed a catoblepas
 20187 | Gauntlet | Found a transporter.
 20208 | Gauntlet | Found a transporter.
 20250 | Gauntlet | Found a transporter.
 20251 | Gauntlet | Found a transporter.
 20252 | Gauntlet | Noticed a glowing orange brain
 20254 | Gauntlet | Noticed a death drake
 20282 | Gauntlet | Noticed a blizzard demon
 20284 | Gauntlet | Found a transporter.
 20305 | Gauntlet | Found a transporter.
 20306 | Gauntlet | Found a transporter.
 20318 | Gauntlet | Noticed a minotaur
 20368 | Gauntlet | Killed a minotaur
 20369 | Gauntlet | Reached skill level 10 in Fighting
 20965 | Lair:3   | Found a staircase to the Shoals.
 20991 | Lair:3   | Received a gift from Yredelemnul (a vampire)
 21269 | Lair:3   | Reached XP level 13. HP: 96/96 MP: 0/0
 21269 | Lair:3   | Learned a level 5 spell: Fireball
 22462 | Lair:4   | Found a runed translucent gate.
 22463 | Lair:4   | Found a runed translucent gate.
 22464 | Lair:4   | Found a runed translucent gate.
 22465 | Lair:4   | Noticed spiderkeys's ghost (journeyman HuWz)
 22497 | Lair:4   | Reached skill level 10 in Dodging
 22861 | Lair:4   | Noticed a seven-headed hydra
 22868 | Lair:4   | Killed a seven-headed hydra
 22869 | Lair:4   | Reached skill level 11 in Unarmed Combat
 23056 | Lair:4   | Found a hole to the Spider Nest.
 24134 | Lair:4   | Received a gift from Yredelemnul (a wraith)
 24461 | Lair:5   | Reached skill level 5 in Invocations
 24467 | Lair:5   | Noticed a seven-headed hydra
 24474 | Lair:5   | Killed a seven-headed hydra
 25235 | Lair:5   | Received a gift from Yredelemnul (a wight)
 26001 | Lair:6   | Entered Level 6 of the Lair of Beasts
 26003 | Lair:6   | Noticed a four-headed hydra
 26081 | Lair:6   | Noticed a seven-headed hydra
 26081 | Lair:6   | Found a staircase to the Slime Pits.
 26081 | Lair:6   | Found a viscous altar of Jiyva.
 26088 | Lair:5   | Received a gift from Yredelemnul (4 flying skulls)
 26095 | Lair:6   | Killed a seven-headed hydra
 26103 | Lair:6   | Reached XP level 14. HP: 86/103 MP: 0/0
 26614 | Lair:6   | Noticed a dire elephant
 26627 | Lair:6   | Killed a dire elephant
 26912 | Lair:6   | Reached skill level 12 in Unarmed Combat
 27513 | Lair:6   | Received a gift from Yredelemnul (a vampire)
 28661 | Orc:2    | Found Zeotopah's Antique Armour Shop.
 28661 | Orc:2    | Found Radahad's Distillery.
 28661 | Orc:2    | Found Womollat's General Store.
 28671 | Orc:2    | Found Iggikudo's Weapon Boutique.
 28672 | Orc:2    | Received a gift from Yredelemnul (a phantasmal warrior)
 28697 | Orc:2    | Bought a steaming troll leather armour for 500 gold pieces
 28697 | Orc:2    | Identified the +4 troll leather armour "Qick" {rN++ Regen+
                  | Dex+3} (You bought it in a shop on level 2 of the Orcish
                  | Mines)
 28747 | Orc:2    | Bought a potion of haste for 130 gold pieces
 28747 | Orc:2    | Bought a potion of heal wounds for 65 gold pieces
 28747 | Orc:2    | Bought a potion of curing for 39 gold pieces
 28747 | Orc:2    | Bought a potion of heal wounds for 65 gold pieces
 29130 | Orc:2    | Reached ***** piety under Yredelemnul
 29130 | Orc:2    | Received a gift from Yredelemnul (a phantasmal warrior)
 29447 | Orc:2    | Received a gift from Yredelemnul (a wraith)
 30651 | D:12     | Received a gift from Yredelemnul (a vampire)
 30987 | D:12     | Found a stormy altar of Qazlal.
 31015 | D:12     | Reached XP level 15. HP: 110/110 MP: 0/0
 31015 | D:12     | Learned a level 6 spell: Invisibility
 31430 | D:13     | Found a frozen archway.
 31436 | D:13     | Received a gift from Yredelemnul (a wraith)
 31468 | IceCv    | Entered an ice cave
 31531 | IceCv    | Received a gift from Yredelemnul (a skeletal warrior)
 31668 | IceCv    | Reached skill level 13 in Unarmed Combat
 31846 | IceCv    | Noticed a frost giant
 31869 | IceCv    | Received a gift from Yredelemnul (a phantasmal warrior)
 31872 | IceCv    | Killed a frost giant
 32508 | D:13     | Received a gift from Yredelemnul (a flayed ghost)
 32661 | D:13     | Noticed a fire giant
 32726 | D:13     | Found a runed translucent door.
 33769 | D:14     | Received a gift from Yredelemnul (a vampire knight)
 34034 | D:14     | Found a gate to the Vaults.
 34542 | D:14     | Received a gift from Yredelemnul (a bone dragon)
 34542 | D:14     | Reached XP level 16. HP: 85/118 MP: 0/0
 34593 | D:15     | Entered Level 15 of the Dungeon
 34602 | D:15     | Found a bloodstained altar of Trog.
 34737 | D:15     | Noticed Rupert
 34749 | D:15     | Killed Rupert
 35170 | D:15     | Found a staircase to the Depths.
 35170 | D:15     | Noticed a frost giant
 35179 | D:15     | Killed a frost giant
 35508 | D:15     | Found the +4 skin of Zhor {*Englaciate rC+++ SInv}
 36011 | Spider:1 | Entered Level 1 of the Spider Nest
 36017 | Spider:1 | Received a gift from Yredelemnul (a bone dragon)
 36076 | Spider:1 | Reached skill level 14 in Unarmed Combat
 36127 | Spider:1 | Reached ****** piety under Yredelemnul
 36198 | Spider:1 | Received a gift from Yredelemnul (a ghoul)
 36199 | Spider:1 | Reached skill level 10 in Invocations
 36586 | Spider:2 | Noticed Feguytzu's ghost (journeyman GrMo)
 36621 | Spider:2 | Received a gift from Yredelemnul (a profane servitor)
 36806 | Spider:2 | Found a corrupted altar of Lugonu.
 36806 | Spider:2 | Found a one-way gate to the infinite horrors of the Abyss.
 36878 | Spider:2 | Found a transporter.
 36912 | Spider:2 | Found a transporter.
 37078 | Spider:3 | Reached skill level 1 in Shields
 37110 | Spider:3 | Received a gift from Yredelemnul (a phantasmal warrior)
 37205 | Spider:3 | Received a gift from Yredelemnul (a vampire knight)
 37540 | Spider:4 | Entered Level 4 of the Spider Nest
 37550 | Spider:4 | Reached XP level 17. HP: 119/126 MP: 0/0
 37550 | Spider:4 | Learned a level 7 spell: Haunt
 37581 | Spider:4 | Received a gift from Yredelemnul (a vampire knight)
 37607 | Spider:4 | Received a gift from Yredelemnul (a vampire knight)
 37908 | Spider:4 | Received a gift from Yredelemnul (a flayed ghost)
 37937 | Spider:4 | Got a gossamer rune of Zot
 38232 | Shoals:1 | Entered Level 1 of the Shoals
 38605 | Shoals:2 | Noticed Ilsuiw
 38618 | Shoals:2 | Killed Ilsuiw
 38763 | Shoals:2 | Found a runed translucent gate.
 38769 | Shoals:2 | Found a runed translucent gate.
 38775 | Shoals:2 | Found a runed translucent gate.
 38792 | Shoals:2 | Noticed shadowrider38's ghost (adept KoBe)
 38846 | Shoals:3 | Received a gift from Yredelemnul (a flayed ghost)
 38871 | Shoals:3 | Reached skill level 15 in Unarmed Combat
 38962 | Shoals:3 | Noticed Polyphemus
 38976 | Shoals:3 | Killed Polyphemus
 39077 | Shoals:4 | Entered Level 4 of the Shoals
 39090 | Shoals:4 | Received a gift from Yredelemnul (a vampire)
 39142 | Shoals:4 | Noticed Aizul
 39154 | Shoals:4 | Killed Aizul
 39189 | Shoals:4 | Identified the amulet of Saukiot {RegenMP Str+6}
 39225 | Shoals:4 | Received a gift from Yredelemnul (a phantasmal warrior)
 39225 | Shoals:4 | Reached XP level 18. HP: 134/136 MP: 0/0
 39234 | Shoals:4 | Your ally Aizul died
 39236 | Shoals:4 | Reached skill level 10 in Spellcasting
 39315 | Shoals:4 | Noticed Roxanne
 39330 | Shoals:4 | Killed Roxanne
 39331 | Shoals:4 | Received a gift from Yredelemnul (a vampire)
 39430 | Shoals:4 | Got a barnacled rune of Zot
 39665 | Vaults:1 | Entered Level 1 of the Vaults
 40709 | Vaults:1 | Received a gift from Yredelemnul (a skeletal warrior)
 41169 | Vaults:1 | Reached skill level 15 in Fighting
 41394 | Vaults:1 | Received a gift from Yredelemnul (a ghoul)
 41509 | Vaults:1 | Reached skill level 16 in Unarmed Combat
 41761 | Vaults:1 | Found Wosimmaf's Book Boutique.
 41770 | Vaults:1 | Bought a manual of Shields for 1120 gold pieces
 41949 | Vaults:2 | Gained mutation: You have a pair of small antennae on your
                  | head. [potion of mutation]
 41949 | Vaults:2 | Gained mutation: You are agile. (Dex +2) [potion of
                  | mutation]
 41950 | Vaults:2 | Lost mutation: You are agile. (Dex +2) [potion of mutation]
 41950 | Vaults:2 | Lost mutation: You have a pair of small antennae on your
                  | head. [potion of mutation]
 41950 | Vaults:2 | Gained mutation: You are partially covered in iridescent
                  | scales. (AC +2) [potion of mutation]
 41950 | Vaults:2 | Gained mutation: Your spells are a little easier to cast,
                  | but a little less powerful. [potion of mutation]
 41951 | Vaults:2 | Lost mutation: Your spells are a little easier to cast, but
                  | a little less powerful. [potion of mutation]
 41951 | Vaults:2 | Lost mutation: You are partially covered in iridescent
                  | scales. (AC +2) [potion of mutation]
 41951 | Vaults:2 | Gained mutation: You evolve. [potion of mutation]
 42062 | Vaults:2 | Found Pyxad's Armour Emporium.
 42075 | Vaults:2 | Reached skill level 5 in Shields
 42093 | Vaults:2 | Reached XP level 19. HP: 81/143 MP: 0/0
 42093 | Vaults:2 | Learned a level 7 spell: Ozocubu's Refrigeration
 42296 | Vaults:2 | Reached skill level 10 in Armour
 42546 | Vaults:2 | Received a gift from Yredelemnul (a phantasmal warrior)
 42672 | Vaults:2 | Noticed Donald
 42685 | Vaults:2 | Killed Donald
 42856 | Vaults:2 | Received a gift from Yredelemnul (a vampire)
 43781 | Vaults:3 | Received a gift from Yredelemnul (a phantasmal warrior)
 43981 | Vaults:3 | Reached skill level 10 in Shields
 44014 | Vaults:3 | Received a gift from Yredelemnul (a vampire knight)
 44416 | Vaults:3 | Found a staircase to the Crypt.
 44476 | Vaults:3 | Noticed a lich
 44489 | Vaults:3 | Killed a lich
 44490 | Vaults:3 | Reached XP level 20. HP: 104/149 MP: 0/0
 44504 | Vaults:3 | Killed from afar by an ironbound frostheart

Illustrated notes

Levels and vault maps discovered:
D:1:      dpeg_arrival_lava_temple_mockup, layout_basic, nrook_mini_vaults,
          chequers_serial_rivers_room_a
D:2:      wad_lake_hut, layout_loops_ring, shapermc_ecumenical_altar_gd,
          minmay_goblin_outpost, uniq_jessica
D:3:      layout_basic, fedhas_altar_2, serial_bayou_pond_d,
          minmay_close_crescents
D:4:      layout_layer_cave, minmay_ruined_shrine, uniq_menkaure
D:5:      layout_rooms, grunt_temple_overflow_open, gup_sewer_entry_pipe,
          hangedman_decor_clover_reticule
D:6:      layout_gridville, grunt_temple_overflow_holy_war,
          minmay_temple_entry_statues_fountains, grunt_ministairs_13,
          serial_park_tiny_1
D:7:      layout_rooms, nicolae_overflow_crystal_walls, lemuel_old_faithful
D:8:      layout_loops_ring
D:9:      layout_cave_pools, fiery_altar_vehumet, zombieorc1_lemuel
D:10:     layout_basic, lemuel_crystal_altar, ashenzari_conservatory_becter,
          david_lair_generic
D:11:     layout_rooms
D:12:     layout_gridville, grunt_qazlal_clouds
D:13:     layout_roguey, portal_ice_cave_entry_animals_and_master,
          minmay_st_funbox, st_stairs_4, hangedman_devilish_allure
D:14:     layout_basic, david_vaults_5, infiniplex_staircase_zigzag_4,
          special_room [special_room_bee]
D:15:     grunt_enter_depths_snipers, layout_irregular_city,
          trog_three_pillars_becter, uniq_rupert
Lair:1:   layout_loops_ring, hangedman_tree_tricks, lemuel_fruit_tree,
          uniq_maggie
Lair:2:   layout_cave_shapes
Lair:3:   layout_gridlike, elwin_shoals_entry_stream, gauntlet_entry_generic,
          minmay_lair_oklob_items, beast_lair_carwin_9, grunt_megastairs_2,
          infiniplex_staircase_pool
Lair:4:   layout_regular_city, spider_nest_entry_web_field,
          ebering_ghost_rock_garden, nicolae_quartered_pool_super
Lair:5:   layout_misc_corridors, cheibrodos_lair_caveside_slide,
          hibernation_bobbens
Lair:6:   gammafunk_lair_ancient_temple, layout_small_grid, slime_altar_1
Shoals:1: layout_shoals, nicolae_shop_self_help
Shoals:2: layout_shoals, serial_shops, nicolae_shop_statue_plus,
          ebering_ghost_rock_garden, uniq_ilsuiw
Shoals:3: argonaut_golden_fleece, layout_shoals, uniq_polyphemus
Shoals:4: shoals_end_grunt_garden, layout_shoals, uniq_roxanne, uniq_aizul
Spider:1: cheibrodos_spider_silkery, einodemon_crawler_minivault
Spider:2: layout_spider_delve, gammafunk_ghost_arena,
          amcnicky_altar_lugonu_corruption
Spider:3: layout_spider_delve
Spider:4: grunt_spider_rune_circles
Orc:1:    layout_diamond_mine, serial_shops, shop
Orc:2:    st_orc_mages, layout_caves
Vaults:1: hangedman_vaults_slice, vaults_dpeg_spiral, grunt_vaults_twisty,
          vaults_mumra_minichess_inversion, v_misc_19, vaults_room_door_hall,
          vaults_room_pool, v_pattern_5, vaults_room_grunt_arrival_ludios,
          v_misc_23, vaults_dpeg_diagonal, layout_vaults_quadrants,
          serial_shops, nicolae_lakefront_shop
Vaults:2: grunt_vaults_funnel, v_alt_pattern_2, grunt_vaults_focal,
          vaults_room_ringed_pool, nicolae_vaults_triangles,
          nicolae_vaults_shelves_hall, v_misc_3,
          nicolae_vaults_mini_display_case, hangedman_vaults_cutoff, v_misc_8,
          ontoclasm_vaults_loading_screen, nicolae_vaults_little_squares_6,
          ontoclasm_vaults_gateway, vaults_mumra_chevron_long,
          layout_vaults_omnicross, serial_shops, nicolae_shop_crystal,
          uniq_margery, uniq_donald
Vaults:3: nicolae_vaults_big_ls, nicolae_vaults_specimen_jars,
          vaults_room_guarded_vault, nicolae_vaults_little_squares_2,
          hangedman_vaults_hat, vaults_mumra_minichess,
          minmay_crypt_entry_simple_plaza, vaults_mumra_hex,
          vaults_room_large_hall, vaults_room_hallway, v_misc_2,
          dpeg_vaults_monster_box, v_misc_14, layout_vaults_omnibox

Skill      XL: |  1  2  3  4  5  6  7  8  9 10 11 12 13 14 15 16 17 18 19 20 |
---------------+-------------------------------------------------------------+-----
Spellcasting   | 2 3 4 6 7 8 9 11 12 | 12.0
Fighting       | 2 3 4 6 7 9 10 11 12 13 14 15 | 15.1
Dodging        | 3 6 8 9 11 12 13 14 | 14.3
Unarmed Combat | 4 5 7 8 9 10 11 12 13 14 15 16 | 16.7
Invocations    | 1 2 3 6 7 9 10 | 10.0
Armour         | 2 3 5 7 9 10 | 10.4
Shields        | 4 5 11 | 11.1
Stealth        | |  0.1
Evocations     | |  0.4

Action                   |  1- 3 |  4- 6 |  7- 9 | 10-12 | 13-15 | 16-18 | 19-21 || total
-------------------------+-------+-------+-------+-------+-------+-------+-------++-------
Melee: Unarmed           |   124 |   178 |   287 |   556 |   868 |   745 |   297 ||  3055
       Headbutt          |    11 |       |       |     2 |    17 |    26 |     9 ||    65
       Punch             |       |     2 |       |     3 |    17 |    26 |       ||    48
       Staff             |       |       |       |       |     2 |       |       ||     2
Throw: Dart              |       |       |       |     4 |     4 |    10 |     3 ||    21
 Cast: Beastly Appendage |    15 |     1 |       |     1 |     8 |     7 |     2 ||    34
       Spider Form       |     3 |    24 |    39 |    43 |    17 |     3 |       ||   129
       Wereblood         |       |     3 |     1 |     3 |     1 |       |       ||     8
       Ice Form          |       |     1 |     2 |    25 |    74 |    10 |     2 ||   114
       Corona            |       |       |     3 |     1 |     1 |       |       ||     5
       Portal Projectile |       |       |       |     5 |       |       |       ||     5
       Iskenderun's Myst |       |       |       |     5 |     9 |       |       ||    14
       Corpse Rot        |       |       |       |     1 |     3 |       |       ||     4
       Animate Armour    |       |       |       |     1 |     1 |     1 |       ||     3
       Fireball          |       |       |       |       |    39 |    24 |    24 ||    87
       Invisibility      |       |       |       |       |     2 |     8 |     4 ||    14
       Haunt             |       |       |       |       |       |       |     3 ||     3
Invok: Animate Remains   |       |     1 |     2 |       |       |       |       ||     3
       Animate Dead      |       |       |     1 |    10 |    31 |    71 |    19 ||   132
       Injury Mirror     |       |       |     1 |     2 |     1 |       |       ||     4
       Drain Life        |       |       |       |     5 |     5 |    19 |     5 ||    34
       Recall Undead Sla |       |       |       |     1 |     4 |     9 |       ||    14
 Abil: End Transformatio |       |       |       |     2 |       |     3 |     1 ||     6
Evoke: Wand              |       |       |       |    25 |    23 |     9 |     1 ||    58
       Phantom mirror    |       |       |       |     1 |       |     1 |       ||     2
       Condenser vane    |       |       |       |       |     2 |     3 |       ||     5
  Use: Potion            |       |     1 |     1 |     8 |     3 |     5 |     1 ||    19
       Scroll            |       |       |    11 |    13 |    11 |     9 |     1 ||    45
 Stab: Sleeping          |     4 |       |     1 |     3 |       |     1 |     5 ||    14
       Distracted        |       |       |       |     2 |     9 |    15 |     7 ||    33
       Confused          |       |       |       |     2 |     1 |     1 |       ||     4
       Invisible         |       |       |       |       |     2 |    16 |     4 ||    22
       Paralysed         |       |       |       |       |       |     4 |     4 ||     8
       Petrified         |       |       |       |       |       |     3 |       ||     3
       Petrifying        |       |       |       |       |       |     1 |       ||     1
Armor: Robe              |    26 |    24 |       |       |       |       |       ||    50
       Skin              |       |     5 |    12 |    75 |   161 |    13 |     2 ||   268
       Leather armour    |       |     3 |     6 |    12 |       |       |       ||    21
       Steam dragon scal |       |       |       |     6 |     3 |       |       ||     9
       Troll leather arm |       |       |       |       |    58 |   159 |    54 ||   271
Dodge: Dodged            |    89 |   192 |   277 |   450 |   628 |   606 |   159 ||  2401
Block: Other             |       |       |       |     9 |   173 |    60 |       ||   242
       Reflection        |       |       |       |       |     4 |    27 |     7 ||    38
       Buckler           |       |       |       |       |       |   226 |   141 ||   367
